 Dungeon Crawl Stone Soup version 0.29-a0-553-g81b289dbe5 (webtiles) character file.

Game seed: 16896880439006893663

53 thriggle the Sneak (level 3, -5/30 HPs)
             Began as a Barachi Delver on June 6, 2022.
             Was an Initiate of Okawaru.
             Slain by a gnoll
             ... wielding a +0 flail
              (10 damage)
             ... on level 2 of the Dungeon.
             The game lasted 00:09:36 (1193 turns).

thriggle the Sneak (Barachi Delver)                 Turns: 1193, Time: 00:09:36

Health: -5/30      AC:  3    Str: 13    XL:     3   Next: 89%
Magic:  4/4        EV: 12    Int: 12    God:    Okawaru [......]
Gold:   56         SH:  0    Dex: 13    Spells: 3/3 levels left

rFire   . . .      SeeInvis .   a - +2 falchion
rCold   . . .      Faith    .   (no shield)
rNeg    . . .      Spirit   .   b - +0 leather armour
rPois   .          Reflect  .   (no helmet)
rElec   .          Harm     .   (no cloak)
rCorr   .          Rampage  .   (no gloves)
Will    .....                   (no boots)
Stlth   ++........              (no amulet)
HPRegen 0.10/turn               (no ring)
MPRegen 0.09/turn               (no ring)

@: unable to hop, slow
A: amphibious, slowness 1, strong legs 1, +LOS
a: Hop, Renounce Religion


You were on level 2 of the Dungeon.
You worshipped Okawaru.
Okawaru was noncommittal.
You visited 1 branch of the dungeon, and saw 4 of its levels.

You collected 56 gold pieces.

Inventory:

Hand Weapons
 a - a +2 falchion (weapon)
 j - a +0 dagger
Armour
 b - a +0 leather armour (worn)
 e - a +0 chain mail
Jewellery
 d - a +6 ring of intelligence
Wands
 g - a wand of digging (2)
Scrolls
 h - a scroll of silence
 l - a scroll of acquirement {unknown}
 n - a scroll of vulnerability {unknown}


   Skills:
 + Level 4.0 Fighting
 + Level 2.9 Long Blades
 + Level 0.4 Throwing
 + Level 1.1 Armour
 + Level 2.5 Dodging
 + Level 4.7 Stealth
 + Level 0.8 Spellcasting
 + Level 0.3 Conjurations
 + Level 0.7 Invocations


You had 3 spell levels left.
You didn't know any spells.
Your spell library contained the following spells:

 Spells                   Type           Power      Damage    Failure   Level
 Foxfire                  Conj/Fire      0%         2x1d4     36%         1
 Conjure Flame            Conj/Fire      0%         6-21      73%         3
 Inner Flame              Hex/Fire       0%         N/A       75%         3
 Flame Wave               Conj/Fire      0%         2d4       98%         4


Dungeon Overview and Level Annotations

Branches:
Dungeon (5/15)
 Temple: D:4-7

Altars:
Ashenzari
Okawaru
Uskayaw
Zin

Shops:
D:5 *


Innate Abilities, Weirdness & Mutations

You are amphibious.
You cover ground slowly.
You can hop short distances.
You have an extended range of vision and can be seen from far away.


Message History

Press: ? - help, Shift-Dir - straight line, f - gnoll
Aim: a gnoll, wielding a +0 club (sparse dust, heavily wounded, 61% to hit)
You throw a poisoned dart. The poisoned dart hits the gnoll.
The gnoll is poisoned.
The gnoll is heavily wounded.
Aiming: Dig
Press: ? - help, Shift-Dir - straight line, p - gnoll A rock wall.
The rock shatters into small pieces.
Found 5 boomerangs.
Found two stone staircases leading down.
The gnoll looks more healthy.
You hit the gnoll.
You kill the gnoll!
Okawaru accepts your kill.
Your Fighting skill increases to level 4!
You hit the gnoll.
The gnoll is lightly wounded.
The gnoll closely misses you.
You barely miss the gnoll.
The gnoll is lightly wounded.
The gnoll closely misses you.
As you read the scroll labelled DELLAEMIKK, it crumbles to dust.
It is a scroll of identify.
h - a scroll of silence The gnoll barely misses you.
You slash the gnoll!
The gnoll is almost dead.
The gnoll hits you with a +0 flail.
* * * LOW HITPOINT WARNING * * *
You completely miss the gnoll.
The gnoll is almost dead.
The gnoll barely misses you.
You closely miss the gnoll.
The gnoll is severely wounded.
The gnoll closely misses you.
You barely miss the gnoll. You punch the gnoll.
The gnoll is almost dead.
The gnoll hits you with a +0 flail!
You die...

g.....# ########
####.## #...>..#
##...## #.####)#
#.....# #.# #.#
##...## #.# #.#
##.## #.####.####
#.#######...).....#
#..().....####g####
#+##########.@...#
#(#.#.# #>..#.#
..### # ... .>..
..... #.##.. #. #..


You could see a gnoll.

Vanquished Creatures
  3 gnolls (D:2)
  An adder (D:3)
  A worm (D:3)
  A ball python (D:3)
  A giant cockroach (D:3)
  2 goblins (D:3)
  A jackal (D:5)
  3 kobolds
  2 frilled lizards (D:3)
15 creatures vanquished.

Notes
Turn   | Place    | Note
-------+----------+-------------------------------------------
     0 | D:5      | thriggle the Barachi Delver began the quest for the Orb.
     0 | D:5      | Reached XP level 1. HP: 18/18 MP: 1/1
    12 | D:5      | Found an iron altar of Okawaru.
    22 | D:5      | Became a worshipper of Warmaster Okawaru
   159 | D:5      | Found Uneck's Assorted Antiques.
   166 | D:4      | Noticed a jelly
   198 | D:3      | Found a glowing silver altar of Zin.
   291 | D:3      | Found a hide-covered altar of Uskayaw.
   401 | D:3      | Found a broken altar of Ashenzari.
   423 | D:3      | Reached XP level 2. HP: 24/25 MP: 2/2
   727 | D:3      | Noticed a kobold brigand
   753 | D:3      | HP: 1/24 [kobold brigand/+1 dagger of draining (2)]
  1112 | D:2      | Reached XP level 3. HP: 28/28 MP: 3/3
  1164 | D:2      | Reached skill level 1 in Armour
  1193 | D:2      | Slain by a gnoll

Illustrated notes

Levels and vault maps discovered:
D:2:      layout_loops_corners, nicolae_underground_beach
D:3:      cheibrodos_thug_alley, layout_loops_ring, overflow_temple_1_default,
          nemelex_dance_club_becter, mainiacjoe_overflow_six_doors_small,
          lemuel_coloured_pillars_altar, serial_shops, shop, uniq_ijyb
D:4:      layout_basic, lemuel_tele_altar, serial_shops, kennysheep_mini,
          nicolae_shop_fire_sale [nicolae_sub_dead_trees], uniq_eustachio,
          uniq_grinder
D:5:      layout_basic, okawaru_gym_becter, serial_shops, shop,
          kennysheep_cluttered_room, minmay_misc_feat_nine_boxes

Skill      XL: |  1  2  3 |
---------------+----------+-----
Armour         | 1 |  1.1
Fighting       | 4 |  4.0
Long Blades    | |  2.9
Throwing       | |  0.4
Dodging        | |  2.5
Stealth        | |  4.7
Spellcasting   | |  0.8
Conjurations   | |  0.3
Invocations    | |  0.7

Action                   || total
-------------------------++-------
Melee: Falchion          ||    58
       Punch             ||     2
Throw: Dart              ||     4
 Abil: Hop               ||     3
Evoke: Wand              ||     1
  Use: Scroll            ||     7
       Potion            ||     2
 Stab: Sleeping          ||     4
       Distracted        ||     1
Armor: Leather armour    ||     7
Dodge: Dodged            ||    32

Table legend: (Time is in decaauts)
 A = Elapsed time spent in this place.
 B = Non-inter-level travel time spent in this place.
 C = Inter-level travel time spent in this place.
 D = Time resting spent in this place.
 E = Time spent auto-exploring this place.
 F = Levels seen in this place.
 G = Mean time per level.
                   A        B        C        D        E       F      G
               +--------+--------+--------+--------+--------+-----+--------+
         Total |   1297 |   1297 |      0 |    479 |     32 |   4 |  324.2 |
       Dungeon |   1297 |   1297 |      0 |    479 |     32 |   4 |  324.2 |
               +--------+--------+--------+--------+--------+-----+--------+

Top non-repeatable levels by time:
     D:3: 998 daAuts
     D:5: 187 daAuts
     D:2: 100 daAuts
     D:4: 10 daAuts
